Cogmind - Beta 15 @@@ ROGUE MODE // 2025.09.08 @ 19:58:14 Player: winnking222 Result: Escaped! Performance ------------- Evolutions (9) 4500 Regions Visited (19) 3800 Robots Destroyed (139) 695 Value Destroyed (3954) 3954 Prototype IDs (69) 1380 Alien Tech Used (0) 0 Bonus (4886) 4886 TOTAL SCORE: 19215 Bonus ------- Triggered Max Security 1000 High Alert Combat Kills 160 Follower Combat Kills 126 Aligned with FarCom 300 Met Data Miner 300 Win 3000 Cogmind --------- Core Integrity 1545/1600 Matter 202/300 Energy 159/200 System Corruption 0% Temperature Cool (28) Movement Flying (17) Location To Epsilon Eridani Parts ------- > --- POWER (2) -------- Micro Antimatter Reactor Micro Antimatter Reactor > --- PROPULSION (10) -- Nuclear Pulse Array Impulse Thruster Field Propulsion Array Electron Diverter Impulse Thruster Array Cooled Q-thruster Experimental Q-thruster > --- UTILITY (10) ----- Advanced Power Amplifier Experimental Cooling System Large Storage Unit Enhanced Optical Array Improved Cloaking Device Improved Propulsion Shielding Light Regenerative Plating Improved Hacking Suite > --- WEAPON (3) ------- Shock Maul > --- INVENTORY (15) --- Biomechanical Wings Advanced Transmission Jammer Advanced ECM Suite Improved Propulsion Shielding Improved Utility Shielding Layered Medium Armor Plating Hypervelocity Multirail Perforator Peak State ------------ > --- POWER ------------ Micro Antimatter Reactor Light Quantum Reactor > --- PROPULSION ------- Biomechanical Wings Nuclear Pulse Array Impulse Thruster Q-thruster Impulse Thruster Array Cooled Q-thruster Experimental Q-thruster > --- UTILITY ---------- Experimental Cooling System Large Storage Unit Enhanced Optical Array Advanced Reaction Control System Improved Cloaking Device Light Regenerative Plating Improved Hacking Suite Advanced Hacking Suite Advanced System Shield > --- WEAPON ----------- Hypervelocity Multirail Smartbomb Launcher > --- INVENTORY -------- Micro Antimatter Reactor Micro Antimatter Reactor Electron Diverter Compact Matter Pod Advanced Transmission Jammer Advanced ECM Suite Improved Utility Shielding Layered Medium Armor Plating Authchip [Processor] [Rating: 167] Favorites ----------- Power Enhanced Nuclear Core Engine Cooled Ion Engine Power Core Enhanced Nuclear Core Reactor Micro Antimatter Reactor Propulsion Light Treads Treads Light Treads Leg Aluminum Leg Wheel Armored Wheel Flight Unit Xenon Bombardment Thruster Utility Large Storage Unit Device Experimental Cooling System Storage Large Storage Unit Processor Enhanced Optical Array Hackware Advanced System Shield Protection Hardened Light Armor Plating Weapon Impact Mace Energy Gun Spread Laser Ballistic Gun Light Assault Rifle Ballistic Cannon Perforator Launcher Proton Missile Launcher Impact Weapon Impact Mace Build | -11 -10 -10 -9 -9 -9 -8 -8 -7 -6 -6 -6 -6 -5 -5 -4 -3 -2 -2 -1 ------- Run | Yrd Mat Min Mat Min Exi Min Mat Fac Fac Low Low Dat Pro Fac Fac Res Res Tes Acc Slots Evolved 18 | . . . 2 . . . 2 2 2 . . . . 2 2 2 2 . 2 Power 1 | . . . . . . . . . . . . . . . . . 1 . . Propulsion 8 | . . . 1 . . . 2 . . . . . . 1 1 1 1 . 1 Utility 8 | . . . . . . . . 2 2 . . . . 1 1 1 . . 1 Weapon 1 | . . . 1 . . . . . . . . . . . . . . . . Parts Attached 146 | 7 12 5 17 1 . 2 5 11 8 . . . . 20 19 9 8 13 9 Power 18 | 1 2 1 2 . . 1 . 3 . . . . . 2 1 2 1 . 2 Engine 7 | 1 1 1 2 . . . . 2 . . . . . . . . . . . Core 3 | . 1 . . . . 1 . 1 . . . . . . . . . . . Reactor 8 | . . . . . . . . . . . . . . 2 1 2 1 . 2 Propulsion 47 | 2 6 1 6 1 . . 2 1 . . . . . 5 8 3 5 5 2 Treads 9 | . 3 1 5 . . . . . . . . . . . . . . . . Leg 4 | 2 2 . . . . . . . . . . . . . . . . . . Wheel 3 | . 1 . 1 1 . . . . . . . . . . . . . . . Hover . | . . . . . . . . . . . . . . . . . . . . Flight 31 | . . . . . . . 2 1 . . . . . 5 8 3 5 5 2 Utility 59 | 2 2 1 5 . . . 3 5 6 . . . . 12 9 3 1 5 5 Device 21 | 1 1 1 1 . . . . 1 3 . . . . . 6 1 1 4 1 Storage 4 | 1 1 . 1 . . . 1 . . . . . . . . . . . . Processor 4 | . . . 1 . . . . . 1 . . . . 1 . 1 . . . Hackware 15 | . . . . . . . . 1 2 . . . . 6 3 1 . . 2 Protection 15 | . . . 2 . . . 2 3 . . . . . 5 . . . 1 2 Artifact . | . . . . . . . . . . . . . . . . . . . . Weapon 22 | 2 2 2 4 . . 1 . 2 2 . . . . 1 1 1 1 3 . Energy Gun 6 | 2 1 . 3 . . . . . . . . . . . . . . . . Energy Cannon . | . . . . . . . . . . . . . . . . . . . . Ballistic Gun 3 | . 1 . . . . . . . 1 . . . . . . . . 1 . Ballistic Cannon 1 | . . . . . . . . . . . . . . . . . . 1 . Launcher 8 | . . 1 . . . 1 . 1 1 . . . . 1 1 1 1 . . Special Weapon . | . . . . . . . . . . . . . . . . . . . . Impact Weapon 4 | . . 1 1 . . . . 1 . . . . . . . . . 1 . Slashing Weapon . | . . . . . . . . . . . . . . . . . . . . Piercing Weapon . | . . . . . . . . . . . . . . . . . . . . Special Melee Weapon . | . . . . . . . . . . . . . . . . . . . . Unidentified Prototypes 25 | . . . . . . . . 4 . . . . . 2 1 4 3 11 . Corrupted Parts 1 | . . . . . . . . . . . . . . . . . . 1 . System Corruption 8 | . . . . . . . . . . . . . . . . . . 8 . Parts Lost 37 | . 4 4 6 2 . 1 1 . 1 . 1 . . 3 . . 8 4 2 Power 5 | . 1 1 . . . 1 . . . . . . . 1 . . . 1 . Propulsion 16 | . 1 1 4 1 . . . . . . 1 . . . . . 6 2 . Utility 9 | . . 2 . . . . 1 . . . . . . 2 . . 1 1 2 Weapon 7 | . 2 . 2 1 . . . . 1 . . . . . . . 1 . . Highest Loss Streak 4 | . 3 2 2 1 . 1 1 . 1 . 1 . . 2 . . 4 3 2 To Critical Strikes 1 | . . . . . . 1 . . . . . . . . . . . . . Average Backups 13 | 4 9 10 15 17 17 17 14 14 14 15 14 15 15 13 13 13 12 12 8 Power . | . . . 1 1 1 . . . 1 1 1 1 1 1 . 1 1 2 . Propulsion 3 | 2 4 5 2 3 3 3 1 4 5 6 5 6 6 3 1 1 2 1 . Utility 7 | . 2 3 9 10 9 10 9 8 7 8 8 8 8 8 10 9 7 7 5 Weapon 1 | 1 1 1 2 3 3 3 3 1 . . . . . . . . 1 1 2 Tool/Special . | . . . . . . . . . . . . . . . . . . . . Unused Backups 34 | . 1 . 4 . 2 . 3 7 2 . . . . 5 5 3 . 1 1 Power 3 | . . . 1 . 1 . . . . . . . . 1 . . . . . Propulsion 5 | . 1 . . . 1 . . 1 1 . . . . 1 . . . . . Utility 22 | . . . 3 . . . 2 3 1 . . . . 3 5 3 . 1 1 Weapon 4 | . . . . . . . 1 3 . . . . . . . . . . . Tool/Special . | . . . . . . . . . . . . . . . . . . . . Average Slot Usage (%) 82 | . 94 99 86 93 88 88 68 70 69 73 73 70 73 74 82 86 84 80 79 Engine 4 | . 6 13 11 11 11 4 . 1 . . . . . . . . . . . Core 2 | . 7 . . . . 6 9 5 6 6 6 6 6 4 . . . . . Reactor 1 | . . . . . . . . . . . . . . . 4 4 8 7 7 Treads 8 | . 21 19 20 27 22 22 . . . . . . . . . . . . . Wheel 2 | . 4 8 3 5 11 11 . . . . . . . . . . . . . Flight 13 | . . . . . . . 17 12 13 13 13 13 13 20 29 33 33 29 27 Device 7 | . 14 13 5 11 11 11 1 2 7 6 6 6 6 1 5 8 8 10 8 Storage 8 | . 14 14 11 11 11 11 9 7 6 6 6 6 6 5 5 4 4 4 4 Processor 2 | . . . 2 . . . . . . 6 6 6 6 6 5 4 4 4 4 Hackware 8 | . . . . . . . . 7 15 13 13 13 13 16 20 17 16 13 12 Protection 3 | . . . 2 . . . 7 11 6 6 6 6 6 5 4 4 4 5 9 Energy Gun 5 | . 21 7 10 16 11 11 1 . . . . . . . . . . . . Launcher 2 | . . 9 3 . . . 9 6 4 6 6 3 6 2 . 3 . 1 . Impact Weapon 6 | . . 10 9 11 11 11 12 12 6 6 6 6 6 5 5 3 3 2 4 Peak Build Rating 167 | 7 11 13 24 23 25 28 54 66 80 76 76 73 73 89 110 139 155 167 160 Average Rating 61 | 4 8 11 18 22 23 24 52 60 73 76 73 71 73 78 98 128 143 149 157 On Entrance 58 | . 7 7 12 23 22 25 28 53 64 76 76 73 73 73 74 110 127 132 113 Naked Turns . | . . . . . . . . . . . . . . . . . . . . Heaviest Build 65 | 14 50 51 64 59 56 59 44 54 46 45 45 45 45 49 53 49 65 61 51 Greatest Support 72 | 20 40 40 62 62 12 12 55 56 56 56 56 55 55 59 47 57 66 64 72 Greatest Overweight (x) 14 | 1 2 3 6 4 4 4 . . . . 14 . . 2 1 . . . . Average Overweight (x) . | . . 2 1 2 4 3 . . . . . . . . . . . . . Largest Inventory Capacity 20 | 8 20 20 20 20 20 20 20 15 15 15 15 15 15 15 15 15 15 15 15 Average Capacity 16 | 7 17 20 17 20 20 20 15 15 15 15 15 15 15 15 15 15 15 15 15 Most Carried 20 | 8 12 14 20 18 20 20 20 15 15 15 15 15 15 15 15 15 15 15 14 Average Carried 13 | 4 9 10 15 17 19 19 14 14 14 15 14 15 15 14 14 13 14 13 9 Final Capacity 20 | 8 20 20 20 20 20 20 15 15 15 15 15 15 15 15 15 15 15 15 15 Final Carried 20 | 5 8 12 18 18 20 20 13 15 15 15 15 15 15 15 15 15 11 15 9 Class Distribution -------------------- 42% | Mutant 28% | Hacker-Sprinter 19% | Hacker-Mutant 3% | Scavenger-Mutant Dominant Class ---------------- Mutant | -10/Materials Mutant | -10/Mines Mutant | -9/Materials Mutant | -9/Mines Mutant | -9/Exiles Mutant | -8/Mines Mutant | -8/Materials Mutant | -7/Factory Hacker-Mutant | -6/Factory Hacker-Mutant | -6/Lower Caves Hacker-Mutant | -6/Lower Caves Hacker-Mutant | -6/Data Miner Hacker-Mutant | -5/Proximity Caves Hacker-Mutant | -5/Factory Hacker-Sprinter | -4/Factory Hacker-Sprinter | -3/Research Hacker-Sprinter | -2/Research Hacker-Sprinter | -2/Testing Hacker-Sprinter | -1/Access Resources | -11 -10 -10 -9 -9 -9 -8 -8 -7 -6 -6 -6 -6 -5 -5 -4 -3 -2 -2 -1 ----------- Run | Yrd Mat Min Mat Min Exi Min Mat Fac Fac Low Low Dat Pro Fac Fac Res Res Tes Acc Matter Collected 2552 | 270 138 130 195 40 . 10 65 70 151 . 36 . 43 284 331 172 207 363 47 Remotely . | . . . . . . . . . . . . . . . . . . . . Salvage Created 4940 | 40 671 74 798 353 . 45 149 105 399 . 274 . 59 626 484 249 465 102 47 Parts 165 | 6 38 7 44 6 . 3 8 4 3 . 8 . 4 13 6 9 1 5 . Haulers Intercepted 13 | . 1 . 3 . . . 1 . 2 . . . . 3 2 . 1 . . Recyclers Shooed . | . . . . . . . . . . . . . . . . . . . . Parts Field Recycled . | . . . . . . . . . . . . . . . . . . . . Retrieved Matter . | . . . . . . . . . . . . . . . . . . . . Parts Self-Destructed 12 | . . . . . . . . . . . 1 . 11 . . . . . . Prevented 2 | . . . . . . . . . . . . . 2 . . . . . . Kills | -11 -10 -10 -9 -9 -9 -8 -8 -7 -6 -6 -6 -6 -5 -5 -4 -3 -2 -2 -1 ------- Run | Yrd Mat Min Mat Min Exi Min Mat Fac Fac Low Low Dat Pro Fac Fac Res Res Tes Acc Combat Hostiles Destroyed 79 | . 17 6 21 7 . 1 2 2 4 . 4 . 2 3 4 4 . 2 . Melee 17 | . . . 2 5 . 1 2 1 2 . 1 . . 3 . . . . . Guns 31 | . 17 1 13 . . . . . . . . . . . . . . . . Cannons 1 | . . . 1 . . . . . . . . . . . . . . . . AOE 20 | . . 5 1 . . . . . . . 2 . 2 . 4 4 . 2 . Classes Destroyed 14 | 1 5 1 3 1 . 1 . . 1 . 1 . . . . . . . . Worker 12 | . . 1 1 3 . . . . . . . . . 3 . 3 1 . . Builder 10 | . . . 1 . . . . . . . . . . 2 3 2 2 . . Tunneler 4 | 2 . . . . . . . . . . . . . 2 . . . . . Hauler 13 | . 1 . 3 . . . 1 . 2 . . . . 3 2 . 1 . . Recycler 5 | . 1 . . 1 . . . . . . . . . . . 1 2 . . Watcher 16 | . 1 . 1 . . . . . 3 . . . . 3 5 1 1 . 1 Swarmer 28 | . 6 4 6 . . . . . 3 . 3 . 2 . . 4 . . . Grunt 31 | . 11 2 9 6 . . 1 . . . 1 . . 1 . . . . . Duelist 1 | . . . 1 . . . . . . . . . . . . . . . . Sentry 8 | . . . 5 . . . 1 2 . . . . . . . . . . . Hunter 1 | . . . . . . 1 . . . . . . . . . . . . . Programmer 9 | . . . . . . . . . 1 . . . . 2 4 . . 2 . Decomposer 1 | . . . . . . . . . . . 1 . . . . . . . . Assembled 1 | . . . . 1 . . . . . . . . . . . . . . . Mutant 1 | . . . . . . . . . . . 1 . . . . . . . . Best Kill Streak 9 | 2 4 3 5 8 . 1 1 1 4 . 3 . 2 7 4 9 3 2 1 Combat Bots Only 5 | . 4 3 5 5 . 1 1 1 3 . 3 . 2 1 2 4 . 2 . Max Kills in Single Turn 5 | 1 2 3 2 1 . 1 1 1 1 . 2 . 2 4 2 5 1 1 1 Gunslinging 1 | . 1 . 1 . . . . . . . . . . . . . . . . Exploded 3 | . . 3 1 . . . . . . . 1 . 2 . 2 2 . 1 . Melee 1 | . . . 1 1 . 1 1 1 1 . 1 . . 1 . . . . . Uniques/NPCs Destroyed . | . . . . . . . . . . . . . . . . . . . . Combat | -11 -10 -10 -9 -9 -9 -8 -8 -7 -6 -6 -6 -6 -5 -5 -4 -3 -2 -2 -1 -------- Run | Yrd Mat Min Mat Min Exi Min Mat Fac Fac Low Low Dat Pro Fac Fac Res Res Tes Acc Hostile Shots Fired 859 | . 113 32 109 28 . 12 54 78 103 32 18 . 21 57 50 24 63 57 8 Missed 409 | . 36 10 29 5 . 1 24 55 65 27 9 . 14 23 30 16 40 21 4 Hits 450 | . 77 22 80 23 . 11 30 23 38 5 9 . 7 34 20 8 23 36 4 Melee 5 | . . . 4 . . . . . . . . . . . . . . 1 . Projectile 445 | . 77 22 76 23 . 11 30 23 38 5 9 . 7 34 20 8 23 35 4 Critical Strikes 11 | . 1 . 2 . . 1 . . . . . . . 3 1 1 2 . . Actively Blocked 1 | . . . . . . . . . . . . . . 1 . . . . . Damage Taken 7842 | . 824 356 1240 279 . 128 373 297 500 40 217 . 112 802 338 157 947 1038 194 Core 1031 | . 96 102 219 54 . . 31 26 24 . . . . 119 25 . 141 139 55 Absorbed by Shields 14 | . . . . . . . . 4 . . . . . 10 . . . . . Redirected to Shielding 366 | . . . . . . . 108 . . . . . . 107 . . . 138 13 Regen/Repaired (Parts) 631 | . . . 59 . . . . 73 . . . . . . . 125 71 135 168 Core Remaining (%) 81 | 100 . 20 . . . 31 94 96 . . . . 97 88 97 100 . 80 96 Volleys Fired 133 | 4 63 7 23 7 . . 1 . . . 2 . 3 . 6 4 . 13 . Largest 3 | 2 2 2 3 1 . . 1 . . . 1 . 1 . 1 1 . 1 . Hottest 195 | 90 105 95 195 65 . . 36 . . . 39 . 39 . 46 46 . 46 . Shots Fired 224 | 8 118 11 51 7 . . 1 . . . 2 . 3 1 6 4 . 12 . Gun 188 | 8 118 5 50 7 . . . . . . . . . . . . . . . Cannon . | . . . . . . . . . . . . . . . . . . . . Launcher 36 | . . 6 1 . . . 1 . . . 2 . 3 1 6 4 . 12 . Special . | . . . . . . . . . . . . . . . . . . . . Kinetic 15 | . 15 . . . . . . . . . . . . . . . . . . Thermal 173 | 8 103 5 50 7 . . . . . . . . . . . . . . . Explosive 30 | . . 6 1 . . . . . . . . . . 1 6 4 . 12 . Electromagnetic 6 | . . . . . . . 1 . . . 2 . 3 . . . . . . Robot Hit Streak 10 | 4 7 10 7 3 . . 4 . . . . . . 2 5 8 . 9 . Robot Miss Streak 9 | 1 5 1 9 6 . . . . . . 1 . . 3 . . . . . Penetration Max . | . . . . . . . . . . . . . . . . . . . . Secondary Targets 3 | . 1 . 2 . . . . . . . . . . . . . . . . Max Gunslinging Chain 1 | . 1 . 1 . . . . . . . . . . . . . . . . Shots Hit Robots 258 | 5 67 9 65 25 . 2 5 2 17 . 5 . . 20 18 6 8 3 1 Core Hits 177 | 2 34 7 63 14 . 1 2 1 1 . 5 . 6 12 14 10 1 4 . Critical Kills 8 | . . . 1 3 . 1 . . . . . . . 2 1 . . . . Critical Parts Destroyed 32 | . . 1 4 3 . . 1 1 6 . 1 . . 5 5 1 4 . . Critical Strikes 45 | 1 4 1 5 6 . 1 1 1 6 . 1 . . 7 6 1 4 . . Burn 5 | 1 4 . . . . . . . . . . . . . . . . . . Smash 40 | . . 1 5 6 . 1 1 1 6 . 1 . . 7 6 1 4 . . Melee Attacks 346 | . . 4 30 30 . 2 11 19 49 1 8 . 3 98 32 17 24 4 14 Impact 346 | . . 4 30 30 . 2 11 19 49 1 8 . 3 98 32 17 24 4 14 Slashing . | . . . . . . . . . . . . . . . . . . . . Piercing . | . . . . . . . . . . . . . . . . . . . . Sneak Attacks 27 | . . 1 3 1 . . . . 2 . 2 . . 4 5 3 6 . . Combat Hostiles 2 | . . . . . . . . . . . 1 . . 1 . . . . . Follow-up Attacks 3 | . . . 1 . . . 1 1 . . . . . . . . . . . Damage Inflicted 12815 | 58 883 487 1611 1044 . 104 210 95 1180 . 587 . 64 1792 2042 1093 834 645 86 Guns 1658 | 58 883 64 575 78 . . . . . . . . . . . . . . . Cannons . | . . . . . . . . . . . . . . . . . . . . Explosions 3044 | . . 300 31 . . . 35 . . . 94 . 64 482 857 787 . 394 . Melee 8106 | . . 123 999 966 . 104 175 95 1180 . 493 . . 1310 1185 306 834 250 86 Ramming 7 | . . . 6 . . . . . . . . . . . . . . 1 . Kinetic 54 | . 54 . . . . . . . . . . . . . . . . . . Thermal 1947 | 58 829 64 575 78 . . . . . . . . . 343 . . . . . Explosive 2508 | . . 300 31 . . . . . . . . . . 139 857 787 . 394 . Electromagnetic 193 | . . . . . . . 35 . . . 94 . 64 . . . . . . Impact 8106 | . . 123 999 966 . 104 175 95 1180 . 493 . . 1310 1185 306 834 250 86 Slashing . | . . . . . . . . . . . . . . . . . . . . Piercing . | . . . . . . . . . . . . . . . . . . . . Highest Corruption 13 | . . . . . . . 1 . 2 2 3 3 4 8 1 1 . 13 . Average Corruption 3 | . . . . . . . 1 . 1 2 2 3 3 5 1 1 . 4 . Corruption Purged . | . . . . . . . . . . . . . . . . . . . . Corruption Blocked . | . . . . . . . . . . . . . . . . . . . . Effects 74 | . . . . . . . 2 . 7 . 3 2 7 34 7 . . 12 . Message Errors 21 | . . . . . . . . . 2 . . . . 13 4 . . 2 . Matter Fused 20 | . . . . . . . 1 . 1 . 3 . 3 8 . . . 4 . Heat Flow Errors 11 | . . . . . . . . . 1 . . . 2 5 1 . . 2 . Energy Discharges 7 | . . . . . . . . . . . . . 2 3 1 . . 1 . Data Loss (minor) 12 | . . . . . . . 1 . 3 . . 2 . 4 1 . . 1 . Data Loss (major) 1 | . . . . . . . . . . . . . . . . . . 1 . Misfires 1 | . . . . . . . . . . . . . . 1 . . . . . Weapon Failures 1 | . . . . . . . . . . . . . . . . . . 1 . Overload Shots . | . . . . . . . . . . . . . . . . . . . . Overflow Damage 4263 | . . 84 332 260 . . 64 44 736 . 288 . . 825 659 258 633 49 31 Projectiles . | . . . . . . . . . . . . . . . . . . . . Explosions 138 | . . 14 . . . . . . . . . . . 70 46 2 . 6 . Melee 4125 | . . 70 332 260 . . 64 44 736 . 288 . . 755 613 256 633 43 31 Knockbacks 37 | . . . 4 10 . 1 . . 5 . 3 . . 5 4 1 1 2 1 Impact 32 | . . . 3 7 . 1 . . 5 . 2 . . 5 4 1 1 2 1 Kinetic . | . . . . . . . . . . . . . . . . . . . . Secondary 5 | . . . 1 3 . . . . . . 1 . . . . . . . . Self-Inflicted Damage 463 | . . 152 14 . . . 21 . . . . . 9 14 . . . 142 111 Shots 15 | . . 5 1 . . . 1 . . . . . 1 1 . . . 5 1 Rammed 3 | . . . 1 . . . . . . . . . . . . . 1 1 . Targets Rammed 3 | . . . 1 . . . . . . . . . . . . . 1 1 . Kicked . | . . . . . . . . . . . . . . . . . . . . Crushed . | . . . . . . . . . . . . . . . . . . . . Highest Temperature 444 | 90 329 168 345 13 . . 6 204 247 . 14 . 274 281 306 30 3 444 . Average Temperature 99 | 41 95 80 78 7 . . 4 73 124 . 9 . 112 114 105 15 3 134 . Received Heat Transfer 1561 | . 372 57 366 184 . . 90 102 63 12 . . 9 156 . 42 18 90 . Effects 7 | . 3 . . . . . . . . . . . . . 3 . . 1 . Shutdowns 2 | . 1 . . . . . . . . . . . . . . . . 1 . Energy Bleed 4 | . 1 . . . . . . . . . . . . . 3 . . . . Damage (minor) 1 | . 1 . . . . . . . . . . . . . . . . . . Siege Activations . | . . . . . . . . . . . . . . . . . . . . Martial Activations . | . . . . . . . . . . . . . . . . . . . . Shielding Activations . | . . . . . . . . . . . . . . . . . . . . Robots Disrupted . | . . . . . . . . . . . . . . . . . . . . Combat Hostiles . | . . . . . . . . . . . . . . . . . . . . Robots Corrupted 33 | . . . 5 5 . . 1 1 4 . 2 . . 3 5 2 3 1 1 Combat Hostiles 12 | . . . 4 2 . . . 1 2 . 2 . . . . . . 1 . Parts Fried 54 | . . 1 11 6 . . 2 . 5 . 2 . . 2 6 5 12 1 1 Impact Corruptions 112 | . . 1 12 10 . . 3 1 21 . 8 . . 16 17 8 12 1 2 Robots Melted . | . . . . . . . . . . . . . . . . . . . . Combat Hostiles . | . . . . . . . . . . . . . . . . . . . . Parts Melted 7 | . 5 . . . . . . . . . . . . 2 . . . . . Heat Transferred 3785 | 223 2399 148 715 100 . . . . . . . . . 200 . . . . . Parts Sabotaged 2 | . . . . . . . . . . . . . . . . . . 2 . Parts Stolen . | . . . . . . . . . . . . . . . . . . . . Parts Stripped . | . . . . . . . . . . . . . . . . . . . . Power Chain Reactions . | . . . . . . . . . . . . . . . . . . . . Alert | -11 -10 -10 -9 -9 -9 -8 -8 -7 -6 -6 -6 -6 -5 -5 -4 -3 -2 -2 -1 ------- Run | Yrd Mat Min Mat Min Exi Min Mat Fac Fac Low Low Dat Pro Fac Fac Res Res Tes Acc Maximum Alert Level 5 | . . . 1 . . . . . 1 . . . . 2 1 1 1 5 4 Low Security (%) 64 | 100 100 100 76 100 . 100 100 100 98 . . . . . 52 6 93 . . Level 1 23 | . . . 23 . . . . . 1 . . . . 76 47 93 6 . . Level 2 3 | . . . . . . . . . . . . . . 23 . . . . . Level 3 1 | . . . . . . . . . . . . . . . . . . . 42 Level 4 2 | . . . . . . . . . . . . . . . . . . . 57 Level 5 . | . . . . . . . . . . . . . . . . . . . . High Security . | . . . . . . . . . . . . . . . . . . . . Max Security 3 | . . . . . . . . . . . . . . . . . . 99 . Peak Influence 2102 | 5 115 85 264 81 . 34 66 108 236 . . . . 693 269 328 252 2102 1255 Initial 1255 | . . . . 81 . . 8 4 26 . . . . 479 140 102 117 124 1255 Average 235 | 2 38 19 99 22 . 14 24 34 29 . . . . 370 150 240 117 1950 1117 Influence Increases 6031 | 10 499 198 604 186 . 66 110 332 454 60 165 . 212 1323 490 330 375 532 85 Destroy 0b10 Robot/C 1660 | . 340 120 420 140 . 40 40 40 80 . 60 . 120 60 80 80 . 40 . Destroy 0b10 Robot/NC 315 | 10 15 5 30 20 . . 5 . 25 . 5 . 5 65 50 35 35 5 5 Destroy Leader 428 | . 94 20 118 10 . 20 12 20 30 . 10 . 10 22 34 12 4 10 2 Allied During Kill 39 | . . . . 16 . 6 . . . . . . 17 . . . . . . Successful Hack 207 | . 19 . 22 . . . 4 66 11 . . . . 26 6 20 33 . . Disable Machine 435 | . . 15 . . . . 30 15 15 . . . . 225 60 . . 60 15 Destroy Structure 967 | . 1 38 14 . . . 4 11 23 . . . . 250 110 108 48 297 63 Advance Influence 450 | . . . . . . . . . . . . . . 450 . . . . . Partial Spotted 225 | . 15 . . . . . 15 . 45 . . . . 60 75 . 15 . . Lose Combat Pursuer 1305 | . 15 . . . . . . 180 225 60 90 . 60 165 75 75 240 120 . Influence Decreases 6575 | 10 499 198 395 341 54 44 122 287 279 136 170 149 165 1082 581 317 363 138 1245 Entered New Map 1785 | . . . . 128 54 . 14 6 29 86 30 149 . 18 148 95 93 98 837 Time Decay 3771 | 10 459 183 335 193 . 30 98 281 240 50 130 . 125 574 413 222 190 . 238 Lost Part 335 | . 40 15 60 20 . . 10 . 10 . 10 . . 30 . . 80 40 20 Lost Ally 84 | . . . . . . 14 . . . . . . 40 10 20 . . . . Purge Threat 600 | . . . . . . . . . . . . . . 450 . . . . 150 Squads Dispatched 91 | . 4 1 3 . . . 3 11 8 . . . . 15 14 4 4 20 4 Investigation 37 | . 3 1 1 . . . 1 6 5 . . . . 9 6 2 2 . 1 Extermination 19 | . . . . . . . . 2 2 . . . . 4 5 2 2 . 2 Reinforcement 14 | . 1 . 2 . . . 2 3 1 . . . . 2 3 . . . . Assault 21 | . . . . . . . . . . . . . . . . . . 20 1 Garrison . | . . . . . . . . . . . . . . . . . . . . Intercept . | . . . . . . . . . . . . . . . . . . . . Searches Triggered . | . . . . . . . . . . . . . . . . . . . . Data Miner Redirects 5 | . . . . . . . . . . . . . . 3 1 . . . 1 Construction Impeded 1 | . . . . . . . . . . . . . . . 1 . . . . Haulers Reinforced 1 | . . . . . . . . . . . . . . 1 . . . . . Active Scanning Responses . | . . . . . . . . . . . . . . . . . . . . Cargo Convoy Interrupts . | . . . . . . . . . . . . . . . . . . . . Stealth | -11 -10 -10 -9 -9 -9 -8 -8 -7 -6 -6 -6 -6 -5 -5 -4 -3 -2 -2 -1 --------- Run | Yrd Mat Min Mat Min Exi Min Mat Fac Fac Low Low Dat Pro Fac Fac Res Res Tes Acc Distress Signals 19 | . 1 . 4 . . . 3 1 2 . . . . 1 1 2 2 2 . Communications Jammed . | . . . . . . . . . . . . . . . . . . . . Distress Signals . | . . . . . . . . . . . . . . . . . . . . Times Spotted 334 | . 31 7 36 9 . 3 15 25 27 6 8 . 12 27 28 23 25 46 6 Peak Tracking Total 25 | . 4 3 5 3 . 1 10 7 11 4 5 . 5 7 7 11 12 25 5 Tactical Retreats 36 | . 2 . . . . . . 6 5 3 3 . 1 5 2 3 4 2 . Traps | -11 -10 -10 -9 -9 -9 -8 -8 -7 -6 -6 -6 -6 -5 -5 -4 -3 -2 -2 -1 ------- Run | Yrd Mat Min Mat Min Exi Min Mat Fac Fac Low Low Dat Pro Fac Fac Res Res Tes Acc Traps Triggered 11 | . 2 . . . . . . 4 1 . 1 . . 2 . . 1 . . Indirectly . | . . . . . . . . . . . . . . . . . . . . Trap Hack Attempts . | . . . . . . . . . . . . . . . . . . . . Triggered . | . . . . . . . . . . . . . . . . . . . . Disarmed . | . . . . . . . . . . . . . . . . . . . . Reprogrammed . | . . . . . . . . . . . . . . . . . . . . Reused . | . . . . . . . . . . . . . . . . . . . . Traps Extracted . | . . . . . . . . . . . . . . . . . . . . Installed . | . . . . . . . . . . . . . . . . . . . . Triggered . | . . . . . . . . . . . . . . . . . . . . Machines | -11 -10 -10 -9 -9 -9 -8 -8 -7 -6 -6 -6 -6 -5 -5 -4 -3 -2 -2 -1 ---------- Run | Yrd Mat Min Mat Min Exi Min Mat Fac Fac Low Low Dat Pro Fac Fac Res Res Tes Acc Machines Disabled 33 | . . 1 . . . . 2 1 1 . . . . 15 4 . . 8 1 Max in Single Turn 12 | . . 1 . . . . 2 1 1 . . . . 12 4 . . 3 1 Garrison Access 9 | . . . . . . . . 1 2 . . . . 2 1 . 1 . 2 Energy Cycler 1 | . . . . . . . . . . . . . . . . . . . 1 Machines Repaired . | . . . . . . . . . . . . . . . . . . . . Machines Dismantled . | . . . . . . . . . . . . . . . . . . . . Machines Sabotaged . | . . . . . . . . . . . . . . . . . . . . Overloaded Fab Kills . | . . . . . . . . . . . . . . . . . . . . Hacking | -11 -10 -10 -9 -9 -9 -8 -8 -7 -6 -6 -6 -6 -5 -5 -4 -3 -2 -2 -1 --------- Run | Yrd Mat Min Mat Min Exi Min Mat Fac Fac Low Low Dat Pro Fac Fac Res Res Tes Acc Machines Accessed 109 | . 6 1 8 . 2 . 4 11 12 . . 4 . 27 13 5 7 . 9 Terminals 63 | . 6 . 6 . . . 4 4 7 . . . . 16 6 3 6 . 5 Fabricators 18 | . . . . . . . . 3 2 . . . . 5 6 1 . . 1 Repair Stations 6 | . . . 1 . . . . 2 . . . . . 1 . 1 . . 1 Recycling Units 1 | . . . . . . . . . . . . . . 1 . . . . . Scanalyzers 4 | . . . 1 . . . . 1 1 . . . . 1 . . . . . Garrison Access 10 | . . . . . . . . 1 2 . . . . 3 1 . 1 . 2 Total Hacks 334 | . 15 1 23 . 3 . 11 26 34 . . 31 . 88 52 17 18 . 15 Successful 179 | . 11 1 19 . 3 . 4 18 12 . . 31 . 30 27 11 6 . 6 Failed 155 | . 4 . 4 . . . 7 8 22 . . . . 58 25 6 12 . 9 Catastrophic 28 | . . . . . . . . 2 3 . . . . 11 7 1 2 . 2 Database Lockouts . | . . . . . . . . . . . . . . . . . . . . Manual 131 | . 12 . 12 . 1 . 10 5 13 . . . . 41 27 6 2 . 2 Terminals 202 | . 15 . 15 . . . 11 10 19 . . . . 60 36 9 17 . 10 Fabricators 48 | . . . . . . . . 7 6 . . . . 14 13 6 . . 2 Repair Stations 13 | . . . 2 . . . . 5 . . . . . 3 . 2 . . 1 Recycling Units 2 | . . . . . . . . . . . . . . 2 . . . . . Scanalyzers 17 | . . . 6 . . . . 3 6 . . . . 2 . . . . . Garrison Access 17 | . . . . . . . . 1 3 . . . . 7 3 . 1 . 2 Terminal Hacks 83 | . 3 1 3 . 3 . 1 4 5 . . 31 . 12 9 4 5 . 2 Record 15 | . . . . . 2 . . . . . . 11 . . . 2 . . . Part Schematic 20 | . . . . . . . . 2 1 . . 13 . 1 3 . . . . Robot Schematic 4 | . . . . . . . . . . . . 4 . . . . . . . Prototype ID Bank 6 | . 1 . 1 . . . . . . . . 3 . 1 . . . . . Open Door 1 | . . 1 . . . . . . . . . . . . . . . . . Open DSF 2 | . . . . . . . . . 1 . . . . . 1 . . . . Level Access Points 2 | . . . . . . . . . . . . . . 1 . . . . 1 Branch Access Points 5 | . . . . . . . . 1 1 . . . . 1 1 . 1 . . Emergency Access Points 3 | . . . 1 . . . . . 1 . . . . . . . 1 . . Fabricator Index 1 | . . . . . . . . . . . . . . . 1 . . . . Alert Level 4 | . . . . . . . . . 1 . . . . 2 . 1 . . . Unreport Threat 4 | . . . . . . . . . . . . . . 3 . . . . 1 Locate Traps 3 | . 1 . . . . . . 1 . . . . . . . . 1 . . Investigation Status 1 | . . . . . . . . . . . . . . . 1 . . . . Extermination Status 1 | . . . . . . . . . . . . . . . 1 . . . . Recall Investigation 2 | . . . . . . . . . . . . . . 1 . . 1 . . Recall Extermination 1 | . . . . . . . . . . . . . . . 1 . . . . Hauler Manifests 2 | . 1 . 1 . . . . . . . . . . . . . . . . Zone Layout 5 | . . . . . . . 1 . . . . . . 2 . 1 1 . . Proto ID Catalog 1 | . . . . . 1 . . . . . . . . . . . . . . Fabricator Hacks 32 | . . . . . . . . 6 2 . . . . 10 10 2 . . 2 Network Status 4 | . . . . . . . . 1 1 . . . . 1 . 1 . . . Load Schematic 17 | . . . . . . . . 3 1 . . . . 5 6 1 . . 1 Build 11 | . . . . . . . . 2 . . . . . 4 4 . . . 1 Repair Station Hacks 8 | . . . 2 . . . . 4 . . . . . . . 2 . . . Scan Component 4 | . . . 1 . . . . 2 . . . . . . . 1 . . . Repair 4 | . . . 1 . . . . 2 . . . . . . . 1 . . . Recycling Unit Hacks 1 | . . . . . . . . . . . . . . 1 . . . . . Report Inventory 1 | . . . . . . . . . . . . . . 1 . . . . . Scanalyzer 8 | . . . 5 . . . . 1 2 . . . . . . . . . . Insert Component 5 | . . . 2 . . . . 1 2 . . . . . . . . . . Analyze 3 | . . . 3 . . . . . . . . . . . . . . . . Garrison Access Hacks 9 | . . . . . . . . 1 2 . . . . 2 1 . 1 . 2 Seal Access 9 | . . . . . . . . 1 2 . . . . 2 1 . 1 . 2 Unauthorized Hacks 38 | . 8 . 9 . . . 3 2 1 . . . . 5 7 3 . . . Terminals 33 | . 8 . 9 . . . 3 1 1 . . . . 4 5 2 . . . Assimilate 6 | . . . 1 . . . . . 1 . . . . 1 2 1 . . . Botnet 16 | . 3 . 2 . . . 3 1 . . . . . 3 3 1 . . . Skim 11 | . 5 . 6 . . . . . . . . . . . . . . . . Fabricators 5 | . . . . . . . . 1 . . . . . 1 2 1 . . . Recompile 5 | . . . . . . . . 1 . . . . . 1 2 1 . . . Repair Stations . | . . . . . . . . . . . . . . . . . . . . Recycling Units . | . . . . . . . . . . . . . . . . . . . . Scanalyzers . | . . . . . . . . . . . . . . . . . . . . Garrison Access . | . . . . . . . . . . . . . . . . . . . . Data Cores Recovered . | . . . . . . . . . . . . . . . . . . . . Used . | . . . . . . . . . . . . . . . . . . . . Hacking Detections 73 | . 5 . 6 . . . 3 8 9 . . . . 19 7 4 6 . 6 Full Trace Events 30 | . 1 . 1 . . . 2 5 5 . . . . 8 4 1 2 . 1 Feedback Events 3 | . . . . . . . . . 1 . . . . . . . . . 2 Corruption 1 | . . . . . . . . . 1 . . . . . . . . . . Hackware Fried 2 | . . . . . . . . . . . . . . . . . . . 2 Feedback Blocked 1 | . . . . . . . . . . . . . . . 1 . . . . Robot Schematics Acquired 4 | . . . . . . . . . . . . 4 . . . . . . . Robots Built . | . . . . . . . . . . . . . . . . . . . . Authchips . | . . . . . . . . . . . . . . . . . . . . Time . | . . . . . . . . . . . . . . . . . . . . Total Robot Build Rating . | . . . . . . . . . . . . . . . . . . . . Part Schematics Acquired 21 | . . . 1 . . . . 2 1 . . 13 . 1 3 . . . . Parts Built 11 | . . . . . . . . 2 . . . . . 3 5 . . . 1 Authchips 5 | . . . . . . . . . . . . . . 2 2 . . . 1 Time 809 | . . . . . . . . 142 . . . . . 363 269 . . . 35 Total Part Build Rating 63 | . . . . . . . . 10 . . . . . 15 32 . . . 6 Parts Repaired 4 | . . . 1 . . . . 2 . . . . . . . 1 . . . Time 130 | . . . 38 . . . . 57 . . . . . . . 35 . . . Parts Recycled . | . . . . . . . . . . . . . . . . . . . . Recycled Matter . | . . . . . . . . . . . . . . . . . . . . Retrieved Matter . | . . . . . . . . . . . . . . . . . . . . Retrieved Components . | . . . . . . . . . . . . . . . . . . . . Parts Scanalyzed 3 | . . . 1 . . . . 1 1 . . . . . . . . . . Part Schematics Acquired 1 | . . . 1 . . . . . . . . . . . . . . . . Parts Damaged 2 | . . . 1 . . . . . 1 . . . . . . . . . . Bothacking | -11 -10 -10 -9 -9 -9 -8 -8 -7 -6 -6 -6 -6 -5 -5 -4 -3 -2 -2 -1 ------------ Run | Yrd Mat Min Mat Min Exi Min Mat Fac Fac Low Low Dat Pro Fac Fac Res Res Tes Acc Used RIF Installer . | . . . . . . . . . . . . . . . . . . . . Robots Hacked . | . . . . . . . . . . . . . . . . . . . . Non-combat . | . . . . . . . . . . . . . . . . . . . . Combat . | . . . . . . . . . . . . . . . . . . . . Robot Hacks Applied . | . . . . . . . . . . . . . . . . . . . . Relay Couplers Released . | . . . . . . . . . . . . . . . . . . . . Fabnet Peak Effective % . | . . . . . . . . . . . . . . . . . . . . Robots Rewired 2 | . . . . . . . . . . . 2 . . . . . . . . Allies Hacked 1 | . . . . . . . . . . . . . . . 1 . . . . Hacks Repelled . | . . . . . . . . . . . . . . . . . . . . Allies | -11 -10 -10 -9 -9 -9 -8 -8 -7 -6 -6 -6 -6 -5 -5 -4 -3 -2 -2 -1 -------- Run | Yrd Mat Min Mat Min Exi Min Mat Fac Fac Low Low Dat Pro Fac Fac Res Res Tes Acc Total Allies 10 | . . . 1 3 . . . . 1 . 2 . . 1 2 . . . . Largest Group 4 | . . . 1 4 2 2 . . 1 . 2 2 2 1 2 . . . . Highest-Rated Group 58 | . . . 10 50 32 32 . . 10 . 58 58 58 26 36 . . . . Highest-Rated Ally 29 | . . . 10 16 16 16 . . 10 . 29 29 29 26 26 . . . . Total Orders . | . . . . . . . . . . . . . . . . . . . . Ally Attacks 40 | . . . . 5 . 9 . . . . . . 26 . . . . . . Total Damage 565 | . . . . 66 . 92 . . . . . . 407 . . . . . . Kills 8 | . . . . 2 . 1 . . . . . . 5 . . . . . . Allies Corrupted 2 | . . . . 2 . . . . . . . . . . . . . . . Allies Melted . | . . . . . . . . . . . . . . . . . . . . Intel | -11 -10 -10 -9 -9 -9 -8 -8 -7 -6 -6 -6 -6 -5 -5 -4 -3 -2 -2 -1 ------- Run | Yrd Mat Min Mat Min Exi Min Mat Fac Fac Low Low Dat Pro Fac Fac Res Res Tes Acc Active Infowar (turns) 6152 | 28 96 907 154 . . . . . 117 . . . . 1706 1334 476 380 451 503 Optics 4850 | . . . . . . . . . . . . . . 1706 1334 476 380 451 503 Seismic 1185 | 28 96 907 154 . . . . . . . . . . . . . . . . Triangulation 116 | . . . . . . . . . 116 . . . . . . . . . . Cloaking 712 | . . . . . . . . . . . . . . . 14 24 3 439 232 Jamming 10 | . . . . . . . . . . . . . . . 4 6 . . . ECM 1 | . . . . . . . . . 1 . . . . . . . . . . Robot Analysis Total . | . . . . . . . . . . . . . . . . . . . . Derelict Logs Recovered 6 | . . 1 . 1 . . . . . . 1 . 3 . . . . . . Drone Launches . | . . . . . . . . . . . . . . . . . . . . Drone Recoveries . | . . . . . . . . . . . . . . . . . . . . Exploration | -11 -10 -10 -9 -9 -9 -8 -8 -7 -6 -6 -6 -6 -5 -5 -4 -3 -2 -2 -1 ------------- Run | Yrd Mat Min Mat Min Exi Min Mat Fac Fac Low Low Dat Pro Fac Fac Res Res Tes Acc Turns Passed 12867 | 87 1504 923 1224 918 514 94 309 802 862 111 273 60 284 1758 1334 476 380 451 503 Spaces Moved 15112 | 56 455 504 575 523 338 56 384 1364 1304 236 551 118 503 2614 2022 834 1077 688 910 Core 20 | 19 . . . . . . . . . . 1 . . . . . . . . Treads 1080 | . 358 154 319 249 . . . . . . . . . . . . . . . Legs 156 | 37 30 . 89 . . . . . . . . . . . . . . . . Wheels 1252 | . 67 350 167 274 338 56 . . . . . . . . . . . . . Hover . | . . . . . . . . . . . . . . . . . . . . Flight 12604 | . . . . . . . 384 1364 1304 236 550 118 503 2614 2022 834 1077 688 910 Fastest Speed 16 | 50 120 130 125 150 150 135 39 39 39 39 39 39 39 26 25 22 18 16 17 Average Speed 53 | 103 200 173 165 152 150 149 39 41 39 39 40 39 39 32 26 23 19 17 17 Slowest Speed 750 | 120 240 240 240 155 150 150 39 50 39 39 750 39 39 200 105 25 22 24 17 Overloaded Moves . | . . . . . . . . . . . . . . . . . . . . Propulsion Burnouts . | . . . . . . . . . . . . . . . . . . . . Robots Hopped 85 | . . . . . . . 3 13 26 . . . . 4 6 7 15 4 7 Potential Cave-ins . | . . . . . . . . . . . . . . . . . . . . Cave-ins Triggered . | . . . . . . . . . . . . . . . . . . . . Exploration Rate (%) 53 | 4 84 96 66 95 77 16 47 43 33 37 58 71 67 65 48 31 32 84 21 Regions Visited 19 Branch Regions 9 Pre-discovered Areas 7 | . 1 . 2 2 1 . . . . . . 1 . . . . . . . Known Exits Taken 10 | . . 1 1 . . 1 . . 1 1 1 1 1 1 . . 1 . . Unknown Exits Taken 9 | 1 1 . . 1 1 . 1 1 . . . . . . 1 1 . 1 . Scrap Searched 4 | . . 1 . 2 . . . . . . 1 . . . . . . . . Spaces Dug 180 | . . . 1 . . . 4 11 24 1 1 . . 80 16 12 16 2 12 Terrain Destroyed 503 | . . 43 14 . . . 4 11 24 1 1 . . 126 64 62 16 114 23 Melee 163 | . . . 1 . . . 4 11 24 1 1 . . 63 16 12 16 2 12 Projectile . | . . . . . . . . . . . . . . . . . . . . AOE 340 | . . 43 13 . . . . . . . . . . 63 48 50 . 112 11 Terrain Rammed . | . . . . . . . . . . . . . . . . . . . . Walls Destroyed . | . . . . . . . . . . . . . . . . . . . . Machines Disabled . | . . . . . . . . . . . . . . . . . . . . Actions | -11 -10 -10 -9 -9 -9 -8 -8 -7 -6 -6 -6 -6 -5 -5 -4 -3 -2 -2 -1 --------- Run | Yrd Mat Min Mat Min Exi Min Mat Fac Fac Low Low Dat Pro Fac Fac Res Res Tes Acc Total 19043 | 76 935 531 742 577 347 62 522 1553 1545 252 584 131 581 3359 2765 1073 1195 991 1222 Wait 3050 | . 389 . 55 16 5 2 116 112 197 16 18 12 73 587 649 186 82 247 288 Move 14935 | 55 454 503 574 522 337 55 377 1337 1257 235 550 117 502 2605 2009 823 1048 680 895 Hop 72 | . . . . . . . 3 13 20 . . . . 4 6 3 13 3 7 Pick Up 153 | 10 10 9 24 1 2 1 3 16 7 . 1 . . 15 16 12 8 15 3 Fast Attach 32 | 2 . . 2 . . 1 . 6 4 . . 1 . 7 7 . 1 1 . Attach 100 | 5 5 5 10 1 . 1 4 2 2 . 1 . . 11 11 11 10 12 9 Detach 11 | . . . . . . . . . . . . . . 3 2 3 . 2 1 Swap 57 | . 8 3 11 . . . 2 5 2 . . . . 4 9 4 2 4 3 Drop 119 | . 6 . 13 . 3 . 7 19 7 . . 1 . 18 18 10 6 9 2 Fire 133 | 4 63 7 23 7 . . 1 . . . 2 . 3 . 6 4 . 13 . Melee 341 | . . 4 29 30 . 2 9 17 49 1 8 . 3 98 32 17 24 4 14 Ram 1 | . . . . . . . . . . . . . . . . . . 1 . Kick . | . . . . . . . . . . . . . . . . . . . . Crush 1 | . . . 1 . . . . . . . . . . . . . . . . Escape Stasis 34 | . . . . . . . . 26 . . . . . 7 . . 1 . . Rewire 4 | . . . . . . . . . . . 4 . . . . . . . . Trap . | . . . . . . . . . . . . . . . . . . . . Miscellaneous . | . . . . . . . . . . . . . . . . . . . . Route ------- -11/Scrapyard -10/Materials (discovered 5 exits: *Mat x3 / *Min / Sub) -10/Mines (discovered 2 exits: *Mat x2) -9/Materials (discovered 4 exits: *Mat x3 / *Min) -9/Mines (discovered 4 exits: *Mat x2 / *Exi / [*Zio]) -9/Exiles -8/Mines -8/Materials (discovered 3 exits: *Fac / Sto x2) -7/Factory (discovered 4 exits: *Fac x2 / *Low x2) -6/Factory (discovered 4 exits: *Fac x2 / *Low x2) -6/Lower Caves -6/Lower Caves -6/Data Miner -5/Proximity Caves -5/Factory (discovered 8 exits: *Fac x4 / *Upp x2 / Ext x2) -4/Factory (discovered 5 exits: *Res x2 / *Upp x2 / *Arm) -3/Research -2/Research (discovered 2 exits: *Tes x2) -2/Testing -1/Access To Epsilon Eridani History --------- Turn | Location | Event 20 | -11/Scrapyard | Discovered new exit (range 15) 88 | -11/Scrapyard | Entered Materials 322 | -10/Materials | Discovered new exit (range 7) 326 | -10/Materials | Build established: Mutant 391 | -10/Materials | Discovered new exit (range 13) 554 | -10/Materials | Discovered new exit (range 16) 881 | -10/Materials | Discovered new exit (range 16) 888 | -10/Materials | Derelicts attacked the area 1165 | -10/Materials | Lost 3 parts (1p1n1w) 1167 | -10/Materials | Identified exit to Subcaves 1240 | -10/Materials | Loaded intel: 2 trap records 1304 | -10/Materials | Identified exit to Materials 1360 | -10/Materials | Learned Recycling recycling unit intel 1476 | -10/Materials | Learned location of Subcaves (-10) 1527 | -10/Materials | Learned 4 Materials zone layouts 1592 | -10/Materials | Entered Mines 1605 | -10/Mines | Met a Derelict bent on vengeance 1605 | -10/Mines | Core integrity fell below 50% 1762 | -10/Mines | Discovered exit to Materials (range 14) 1780 | -10/Mines | Met a Derelict shopkeep closing up shop 1852 | -10/Mines | Discovered exit to Materials (range 5) 1991 | -10/Mines | Learned Materials stockpile data 2062 | -10/Mines | Found a damaged Exp. Sensor Array with a note attached 2065 | -10/Mines | Found Prototype Device 2453 | -10/Mines | Build established: Scavenger-Mutant 2515 | -10/Mines | Entered Materials 2515 | -9/Materials | Evolved 2 slots: Propulsion x1, Weapon x1 2516 | -9/Materials | Identified exit to Materials 2959 | -9/Materials | Build established: Mutant 3062 | -9/Materials | Discovered exit to Materials (range 8) 3133 | -9/Materials | Repaired Adv. Treads 3283 | -9/Materials | Identified Exp. Sensor Array 3362 | -9/Materials | Core integrity fell below 50% 3531 | -9/Materials | Identified exit to Mines 3589 | -9/Materials | Learned 4 Materials zone layouts 3605 | -9/Materials | Learned location of 1 exit from Recycling 3629 | -9/Materials | Learned location of Zion (-7) 3707 | -9/Materials | Learned Storage stockpile data 3739 | -9/Materials | Entered Mines 3739 | -9/Mines | Accompanied by 1 ally 3744 | -9/Mines | Assisted by bots powering up and referring to "LRC-V3" 3832 | -9/Mines | A Derelict revealed a hidden shortcut to a safe place 4038 | -9/Mines | Learned location of Storage (-8) 4040 | -9/Mines | Build established: Commander-Mutant 4040 | -9/Mines | Discovered exit to Materials (range 6) 4065 | -9/Mines | Discovered exit to Materials (range 12) 4099 | -9/Mines | Excavation squad dispatched 4099 | -9/Mines | A large section of the Mines collapsed 4404 | -9/Mines | Build established: Mutant 4647 | -9/Mines | Deemed a non-threat by the Exiles lab entrance 4647 | -9/Mines | Discovered new exit (range 5) 4657 | -9/Mines | Entered Exiles 4657 | -9/Exiles | Accompanied by 2 allies 4693 | -9/Exiles | Met 8R-AWN 4720 | -9/Exiles | Met EX-HEX 4767 | -9/Exiles | Met EX-BIN 4785 | -9/Exiles | Aligned with FarCom system 4786 | -9/Exiles | Given EX-Vault access code 4821 | -9/Exiles | Opened EX-Vault 4833 | -9/Exiles | Found Flying Fortress v7 4863 | -9/Exiles | Warned to stay clear of 0b10 Research branches 4981 | -9/Exiles | Visited The Gauntlet 5013 | -9/Exiles | Met EX-DEC 5147 | -9/Exiles | Discovered new exit (range 14) 5171 | -9/Exiles | Left Exiles lab with Flying Fortress v7 5171 | -9/Exiles | Entered Mines 5171 | -8/Mines | Accompanied by 2 allies 5222 | -8/Mines | Discovered exit to Materials (range 13) 5265 | -8/Mines | Entered Materials 5265 | -8/Materials | Evolved 2 slots: Propulsion x2 5266 | -8/Materials | Identified exit to Storage 5568 | -8/Materials | Discovered new exit (range 15) 5574 | -8/Materials | Entered Factory 5574 | -7/Factory | Evolved 2 slots: Utility x2 5599 | -7/Factory | Repaired Cesium-ion Thruster 5735 | -7/Factory | Discovered new exit (range 16) 5938 | -7/Factory | Fabricated Imp. System Shield? 5999 | -7/Factory | Discovered new exit (range 8) 6000 | -7/Factory | Fabricated Imp. System Shield? 6127 | -7/Factory | Discovered new exit (range 7) 6212 | -7/Factory | Identified exit to Lower Caves 6217 | -7/Factory | Repaired Shock Bomb Launcher? 6325 | -7/Factory | Discovered new exit (range 16) 6376 | -7/Factory | Entered another Factory area 6376 | -6/Factory | Evolved 2 slots: Utility x2 6769 | -6/Factory | Build established: Hacker-Mutant 6931 | -6/Factory | Discovered new exit (range 7) 7091 | -6/Factory | Discovered new exit (range 10) 7107 | -6/Factory | Identified exit to Factory 7144 | -6/Factory | Identified exit to Lower Caves 7229 | -6/Factory | Discovered exit to Factory (range 11) 7238 | -6/Factory | Entered Lower Caves 7296 | -6/Lower Caves | Attracted the attention of an 0b10 checkpoint 7342 | -6/Lower Caves | Discovered new exit (range 13) 7347 | -6/Lower Caves | Identified exit to Lower Caves 7349 | -6/Lower Caves | Entered another Lower Caves area 7372 | -6/Lower Caves | Discovered new exit (range 12) 7381 | -6/Lower Caves | Identified exit to Data Miner 7386 | -6/Lower Caves | Attacked by a delusional Derelict stockpiling Unaware 7480 | -6/Lower Caves | Learned Factory interactive machine intel 7622 | -6/Lower Caves | Entered Data Miner 7622 | -6/Data Miner | Accompanied by 2 allies 7622 | -6/Data Miner | Discovered new exit (range 6) 7630 | -6/Data Miner | Met Data Miner 7638 | -6/Data Miner | Learned location of Section 7 (-3) 7638 | -6/Data Miner | Acquired the access code to Warlord's prototype stash 7645 | -6/Data Miner | Received God Mode back door access code from Data Miner 7682 | -6/Data Miner | Identified exit to Proximity Caves 7682 | -6/Data Miner | Entered Proximity Caves 7682 | -5/Proximity Caves | Accompanied by 2 allies 7690 | -5/Proximity Caves | Spotter reported a threat 7768 | -5/Proximity Caves | Learned Factory stockpile data 7868 | -5/Proximity Caves | Spotter reported a threat 7916 | -5/Proximity Caves | Learned location of 1 exit from Factory 7921 | -5/Proximity Caves | Spotter reported a threat 7944 | -5/Proximity Caves | Discovered exit to Factory (range 15) 7966 | -5/Proximity Caves | Entered Factory 7966 | -5/Factory | Evolved 2 slots: Propulsion x1, Utility x1 7967 | -5/Factory | Identified exit to Factory 7969 | -5/Factory | Loaded intel: 55 interactive machine locations 8095 | -5/Factory | Fabricated Imp. System Shield? 8226 | -5/Factory | Found Prototype Launcher 8226 | -5/Factory | Identified Scatter Rocket Array 8249 | -5/Factory | Incoming investigation squad redirected 8327 | -5/Factory | Discovered exit to Factory (range 16) 8415 | -5/Factory | Incoming investigation squad redirected 8565 | -5/Factory | Identified exit to Upper Caves 8565 | -5/Factory | Identified exit to Extension 8664 | -5/Factory | Incoming investigation squad redirected 8704 | -5/Factory | Fabricated Imp. Hacking Suite (x1) 9148 | -5/Factory | Build established: Hacker-Sprinter 9415 | -5/Factory | Fabricated Lgt. Regenerative Plating? 9724 | -5/Factory | Entered another Factory area 9724 | -4/Factory | Evolved 2 slots: Propulsion x1, Utility x1 9769 | -4/Factory | Identified exit to Upper Caves 9769 | -4/Factory | Identified exit to Armory 9959 | -4/Factory | Fabricated Mic. Antimatter Reactor? 10078 | -4/Factory | Fabricated Biomechanical Wings? 10581 | -4/Factory | Incoming investigation squad redirected 10639 | -4/Factory | Fabricated Adv. Hacking Suite (x1) 10720 | -4/Factory | Discovered new exit (range 3) 10921 | -4/Factory | Discovered new exit (range 21) 11051 | -4/Factory | Fabricated Biomechanical Wings (x1) 11058 | -4/Factory | Entered Research 11058 | -3/Research | Evolved 2 slots: Propulsion x1, Utility x1 11135 | -3/Research | Spotted B-86 Titan 11256 | -3/Research | Repaired Impact Mace 11291 | -3/Research | Found Prototype Processor 11311 | -3/Research | Found Prototype Launcher 11312 | -3/Research | Identified Tactical Quantum Warhead 11313 | -3/Research | Identified Exp. Target Analyzer 11393 | -3/Research | Spotted B-86 Titan 11529 | -3/Research | Discovered new exit (range 8) 11534 | -3/Research | Entered another Research area 11534 | -2/Research | Evolved 2 slots: Power x1, Propulsion x1 11547 | -2/Research | Identified exit to Testing 11726 | -2/Research | Found Prototype Launcher 11726 | -2/Research | Identified Ragnarok Missile Launcher 11868 | -2/Research | Spotted B-90 Cyclops 11903 | -2/Research | Found Prototype Device 11904 | -2/Research | Identified Exp. Actuator Array 11912 | -2/Research | Lost 4 parts (2n1u1w) 11914 | -2/Research | Entered Testing 11915 | -2/Testing | Maximum security lockdown engaged 12000 | -2/Testing | Found Prototype Ballistic Gun 12001 | -2/Testing | Identified Hyp. Multirail 12091 | -2/Testing | Found Prototype Ballistic Cannon 12092 | -2/Testing | Identified Perforator 12352 | -2/Testing | Discovered new exit (range 20) 12356 | -2/Testing | System corruption reached 10% 12364 | -2/Testing | Spotted Striker 12364 | -2/Testing | Spotted Executioner 12365 | -2/Testing | Entered Access 12365 | -1/Access | Evolved 2 slots: Propulsion x1, Utility x1 12392 | -1/Access | Lost 3 parts (1p2n) 12509 | -1/Access | Fabricated Adv. Hacking Suite (x1) 12567 | -1/Access | Energy Cycler disabled 12600 | -1/Access | Identified exit to Surface 12615 | -1/Access | First assault squad dispatched 12644 | -1/Access | Incoming assault squad redirected 12867 | -1/Access | Adv. Hacking Suite fried by hacking feedback 12867 | -1/Access | Adv. Hacking Suite fried by hacking feedback 12868 | *** | Escaped! Last Messages --------------- 12615_ ALERT: Unidentified disturbance in Zone 3L, assault force dispatched. 12616_ Connecting with Fabricator... 12635_ Discarded Adv. System Shield. 12644_ ALERT: Higher priority target reported, redirecting assault. 12656_ Connecting with Terminal... >>Alert(Purge) Purged threat record, alert level lowered. 12660_ U-05 Engineer builds a Wall. 12715_ ALERT: Security rotation in progress. 12847_ U-05 Engineer builds a Wall. 12858_ ALERT: Potential suspicious activity detected, Programmers report to Access Zone 3Y. 12858_ Penetrated by Slug. 12858_ Slug penetrates Wall. 12867_ Connecting with Terminal... Feedback: Adv. Hacking Suite fried. 12867_ ALERT: Suspicious activity at Terminal A001. Dispatching Investigation squad. 12867_ The Access Shell folds into the floor. Map ----- +----------------------------------------------------+ | ????????# #?????????????????????????????????????? | | ????????# #???????? #???????????????????????????? | | ????????# #?????? #???????????????????????????? | | ????????# #???? #???????????????????????????? | | ????????# #??""" #???????????????????????????? | | ????????# # """ #???????????????????????????? | | ????? + + " #???????????????????????????? | | ? # # *#???????????????????????????? | | # #?? #???????????????????????????? | | ######### ##???######???????????????????????????? | | ???????# *############################ ?????? | | ???????# u k uk #????? | | ???????# " ???????? | | ???????# ######### ""#?????????????????? | | ???????######???????# ""#?????????????????? | | ????????????????????# ""#?????????????????? | | ????????????????????# T#?????????????????? | | ????????????????????# ""#?????????????????? | | ######??????????????# ""#?????????????????? | | #?????????????## ""##????????????????? | | "### #?????????????# #????????????????? | | ############???????## ##????????????????? | | #????????# #?????????????????? | | #????????# #?????????????????? | | #????????# #?????????????????? | | =#????????# @" #?????????????????? | | ##???????# "" #?????????????????? | | ##???????# #?????????????????? | | ##???????# #?????????????????? | | #????????# #??????????Y??????? | | #????????#""""""""""#?????????????????? | | #?????????????????????????????????????? | | #?????????????????????????????????????? | | #?????????????????????????????????????? | | ############?????????????????????????????????????? | | ##???????????????BB????BB???????????????????? | | #????????????????BB????BB???????????????????? | | #???????????????????????????????????????????? | | #???????????????????????????????????????????? | | #???????????????????????????????????????????? | | #???????????????????????????????????????????? | | ###################?????????????????????????? | | # !#?????????????????????????? | | # #?????????????????????????? | | # +?????????????????????????? | | #! #?????????????????????????? | | # #?????????????????????????? | | " """"T"""" #?????????????????????????? | | # """"""""""" #?????????????????????????? | | ########################?????????????????????????? | +----------------------------------------------------+ Best States ------------- Heat Dissipation 90 Energy Generation 41 Energy Capacity 300 Matter Stores 300 Matter Capacity 300 Sight Range 22 Terrain Scan Density 10 Jamming Range 16 Cloak Strength 3 Power Amplification 30 Armor Coverage 300 Propulsion Shielding 66 Utility Shielding 90 Evasion (%) 78 Recoil Reduction 3 Energy Filtering 50 Salvage Targeting 1 Offensive Hacking 40 Defensive Hacking 40 Authchip Count 1 Item Schematics ----------------- Exp. Sensor Array | -9/Materials | Scanalyzed Cesium-ion Thruster | -7/Factory | Hacked Imp. System Shield | -7/Factory | Hacked Cld. VTOL Module | -6/Factory | Hacked Combat Drone Bay | -6/Data Miner | Free Lgt. Regenerative Plating | -6/Data Miner | Free Enh. Armored Leg | -6/Data Miner | Free Imp. Matter Compressor | -6/Data Miner | Free Cld. Plasma Rifle | -6/Data Miner | Free Imp. Antigrav System | -6/Data Miner | Free Adv. Reaction Control System | -6/Data Miner | Free Micro-nuke Launcher | -6/Data Miner | Free Imp. Thermal Shield | -6/Data Miner | Free Adv. Cryofiber Web | -6/Data Miner | Free Imp. Phase Shifter | -6/Data Miner | Free Adv. Force Field | -6/Data Miner | Free Adv. Powered Armor | -6/Data Miner | Free Imp. Hacking Suite | -5/Factory | Hacked Mic. Antimatter Reactor | -4/Factory | Hacked Biomechanical Wings | -4/Factory | Hacked Adv. Hacking Suite | -4/Factory | Hacked Robot Schematics ------------------ B-60 Warrior | -6/Data Miner | Free B-48 Gladiator | -6/Data Miner | Free M-22 Extractor | -6/Data Miner | Free R-10 Processor | -6/Data Miner | Free Fabricated ------------ Imp. System Shield | x1 | -7/Factory Imp. System Shield | x1 | -7/Factory Imp. System Shield | x1 | -5/Factory | Authchip Imp. Hacking Suite | x1 | -5/Factory | Authchip Lgt. Regenerative Plating | x1 | -5/Factory Mic. Antimatter Reactor | x2 | -4/Factory Biomechanical Wings | x1 | -4/Factory Adv. Hacking Suite | x1 | -4/Factory | Authchip Biomechanical Wings | x1 | -4/Factory | Authchip Adv. Hacking Suite | x1 | -1/Access | Authchip Repaired ---------- Adv. Treads | 65% | -9/Materials Cesium-ion Thruster | 52% | -7/Factory Shock Bomb Launcher | 18% | -7/Factory Impact Mace | 10% | -3/Research Alien Tech Used ----------------- None Achievements -------------- Production Line Challenges ------------ None Game ------ Seed ScrapoidVampiricDeflector Manual? 0 Play Time 03:02:45 Cumulative 172.2 hours Start 2025.09.07 @ 11:37:06 End 2025.09.08 @ 19:58:14 Sessions 3 Manual Loads 0 Difficulty Rogue Special Mode None Game No. 234 Rogue 234 Adventurer 0 Explorer 0 Win Type 0 Total 2 Types 2/0/0/0/0/0/0/0/0/0 Lore% 72 Gallery% 69 Achievement% 60 Wizard Run 0 Options --------- Layout 0 ASCII 0 Keyboard 0 Movement Mouse Keybinds 0 Fullscreen 1 Font 16/SmallcapsGlow Map View 75x55 Zoom Use 0% Tactical HUD 1 Map Filters NONE Filters NONE Steam 1 RUN: 0d14463d-7ba4-46ed-a220-641f627e891a